 Dungeon Crawl Stone Soup version 0.13-b1-32-g21a608e (webtiles) character file.

479 Lilouch the Covered (level 6, -6/48 HPs)
             Began as a Mummy Fighter on Oct 6, 2013.
             Killed from afar by an orc wizard (13 damage)
             ... with a puff of flame
             ... on Level 4 of the Dungeon.
             The game lasted 00:37:54 (25820 turns).

Lilouch the Covered (Mummy Fighter)                Turns: 25820, Time: 00:37:54

HP  -6/48        AC  8     Str 20      XL: 6   Next: 23%
MP   5/5         EV  6     Int  7      God:
Gold 155         SH 19     Dex 12      Spells:  0 memorised,  5 levels left

Res.Fire  : x . .   See Invis. : .   a - +0 hand axe {=f}
Res.Cold  : + . .   Warding    : .   b - +0 scale mail
Life Prot.: + + +   Conserve   : .   c - +0 shield
Res.Poison: +       Res.Corr.  : .   (no helmet)
Res.Elec. : .       Clarity    : .   E - +0 cloak
Sust.Abil.: . .     Spirit.Shd : .   (no gloves)
Res.Mut.  : .       Stasis     : .   (no boots)
Res.Rott. : +       Flight     : .   (no amulet)
Saprovore : . . .                    (no ring)
                                     (no ring)

@: somewhat resistant to hostile enchantments, extremely unstealthy
A: no food or potions, fire vulnerability, restore body, cold resistance 1, life
protection 3, poison resistance, torment resistance, unbreathing
a: no special abilities


You were on level 4 of the Dungeon.
You were not hungry.

You visited 1 branch of the dungeon, and saw 4 of its levels.

You collected 135 gold pieces.

Inventory:

Hand weapons
 a - a +0,+0 hand axe (weapon) {=f}
 i - a +0,+0 sling
 v - a +0,+1 dagger of holy wrath
 x - a cursed -1,-2 whip
 y - a +1,+1 orcish dagger of draining
 C - a +1,+2 crossbow of evasion
 D - a +0,+0 sling
 O - a +0,+0 hand axe
Missiles
 j - 21 darts (quivered)
 k - 41 bolts
 n - 107 stones
 p - 21 sling bullets of flame
 q - 23 sling bullets
 J - 5 javelins
Armour
 b - a +0 scale mail (worn)
 c - a +0 shield (worn)
 E - a +0 cloak (worn)
Magical devices
 H - a wand of fire (10) {unknown}
Comestibles
 f - a lemon
 m - an apple
 o - 3 bread rations
 u - a meat ration
 M - 11 grapes
Scrolls
 d - 5 scrolls of identify {unknown}
 e - 2 scrolls of enchant armour {unknown}
 g - a scroll of noise {unknown}
 l - a scroll of blinking {unknown}
 r - 5 scrolls of teleportation {unknown}
 s - a scroll of curse armour {unknown}
 t - a scroll of amnesia {unknown}
 A - 2 scrolls of curse jewellery {unknown}
 F - a scroll of recharging {unknown}
 G - a scroll of remove curse {unknown}
 L - a scroll of enchant weapon I {unknown}
 Q - a scroll of random uselessness {unknown}
 R - a scroll of enchant weapon II {unknown}
Jewellery
 h - a +2 ring of intelligence {unknown}
 N - an uncursed ring of poison resistance {unknown}
Potions
 w - 3 potions of brilliance {unknown}
 z - a potion of invisibility {unknown}
 B - a potion of might {unknown}
 I - a potion of speed {unknown}
 K - a potion of mutation {unknown}
 P - a potion of curing {unknown}


   Skills:
 + Level 3.7 Fighting
 + Level 2.2 Axes
 + Level 3.8 Armour
 + Level 1.7 Dodging
 + Level 0.5 Stealth
 + Level 3.6 Shields


You had 5 spell levels left.
You didn't know any spells.

Dungeon Overview and Level Annotations

Branches:
Dungeon (4/27)
 Temple: D:4-7

Altars:
Elyvilon
Nemelex Xobeh

Annotations:
D:3 AndrewJacksonJihad's ghost, average HOFi


Innate Abilities, Weirdness & Mutations

You do not eat or drink.
Your flesh is vulnerable to fire.
Your flesh is cold resistant.
You are immune to negative energy.
Your system is resistant to poisons.
You are immune to unholy pain and torment.
You can survive without breathing.


Message History

It hits you but does no damage.
You closely miss it. It completely misses you.
You hit it.
You hear some strange, mumbled words.
The magic dart hits you!
* * * LOW HITPOINT WARNING * * *
You hit it but do no damage. It hits you but does no damage.
You miss it. It hits you but does no damage. It hits you but does no damage.
You miss it. It hits you.
* * * LOW HITPOINT WARNING * * *
You hit it. It hits you but does no damage.
You hit it. It hits you but does no damage.
You miss it. You block its attack. It hits you.
* * * LOW HITPOINT WARNING * * *
You miss it.
You hear some strange, mumbled words.
A puff of flame appears from out of thin air!
The puff of flame hits you! The fire burns you terribly!
One of your 2 scrolls labeled KHEAGU NUGHEGA catches fire!
You die...

####...)...#
#.. #..#....#
#... #..#....#
....
#..####...#
..... #.(# ...#
.### ####..#
..# # #.....# #
#.....# #
#....@####.....
####..)........
#.##########
#.. ###


There were no monsters in sight!

Vanquished Creatures
  3 orc wizards
  10 adders
  2 worms
  A giant eyeball (D:4)
  5 giant geckos
  4 oozes
  11 orcs
  7 bats
  6 giant cockroaches
  11 goblins
  9 hobgoblins
  16 jackals
  15 kobolds
  2 quokkas (D:2)
  6 ball pythons
  7 giant newts
  12 rats
  A bush (D:1)
  7 fungi (D:1)
  7 plants
142 creatures vanquished.

Notes
Turn   | Place    | Note
--------------------------------------------------------------
     0 | D:1      | Lilouch, the Mummy Fighter, began the quest for the Orb.
     0 | D:1      | Reached XP level 1. HP: 18/18 MP: 0/0
   266 | D:1      | Reached XP level 2. HP: 17/24 MP: 1/1
   862 | D:1      | Reached XP level 3. HP: 30/30 MP: 2/2
 10842 | D:1      | Noticed a vampire mosquito
 10858 | D:1      | Noticed a vampire mosquito
 10943 | D:2      | Reached XP level 4. HP: 36/36 MP: 3/3
 12312 | D:1      | Noticed an ogre
 12813 | D:2      | Found a sparkling altar of Nemelex Xobeh.
 13291 | D:3      | Found a white marble altar of Elyvilon.
 13382 | D:3      | Reached XP level 5. HP: 24/42 MP: 4/4
 13397 | D:3      | Reached skill level 1 in Dodging
 13509 | D:3      | Noticed AndrewJacksonJihad's ghost (average HOFi)
 16323 | D:2      | HP: 2/42 [ogre/giant club (18)]
 23038 | D:2      | Reached XP level 6. HP: 44/48 MP: 5/5
 24983 | D:2      | Noticed a cyan ugly thing
 25775 | D:4      | Paralysed by a giant eyeball for 3 turns
 25781 | D:4      | Paralysed by a giant eyeball for 2 turns
 25820 | D:4      | Killed from afar by an orc wizard

Action                   |  1- 3 |  4- 6 || total
-------------------------+-------+-------++-------
Melee: Hand axe          |   643 |   732 ||  1375
